[Event "Uhlenkoeper-Open 2024"]
[Site "Uelzen"]
[Date "2024.12.30"]
[Round "7.2"]
[White "Stelmaszyk, Nico"]
[Black "Bogomolow, Sergej"]
[Result "1-0"]
[ECO "C55"]
[WhiteElo "2403"]
[BlackElo "2090"]
[Annotator "RC"]
[PlyCount "73"]
[EventDate "2024.12.27"]
[EventType "swiss"]
[EventCountry "GER"]
[SourceTitle "playchess.com"]
[Source "ChessBase"]
[SourceQuality "1"]
[TimeControl "40/5400+30:1800+30"]

1. e4 e5 2. Nf3 Nc6 3. Bc4 Nf6 4. d3 h6 5. O-O d6 6. c3 g6 7. a4 Bg7 8. a5 a6 9. Qb3 O-O 10. Re1 Nh5 11. Be3 g5 12. Qd1 g4 13. Nfd2 Kh7 14. f3 g3 15. hxg3 Nxg3 16. Nf1 Qh4 17. Nbd2 f5 18. Nxg3 Qxg3 19. Nf1 Qg6 20. exf5 Bxf5 21. Bf2 Rae8 22. Ng3 Bd7 23. d4 Kh8 24. Bd3 Qg5 25. Bc2 Ne7 26. dxe5 Bxe5 27. Rxe5 dxe5 28. Qxd7 Rd8 29. Qxc7 Rg8 30. Re1 Rd2 31. Rxe5 Qxg3 32. Bxg3 Rxg3 33. Re2 Rxe2 34. Qxg3 Rxc2 35. Qe5+ Kg8 36. Qxe7 Rxb2 37. f4 1-0

[Event "Uhlenkoeper-Open 2024"]
[Site "Uelzen"]
[Date "2024.12.30"]
[Round "7.3"]
[White "Bargsten, Justus"]
[Black "Glek, Igor"]
[Result "1/2-1/2"]
[ECO "C11"]
[WhiteElo "2228"]
[BlackElo "2431"]
[Annotator "RC"]
[PlyCount "54"]
[EventDate "2024.12.27"]
[EventType "swiss"]
[EventCountry "GER"]
[SourceTitle "playchess.com"]
[Source "ChessBase"]
[SourceQuality "1"]
[TimeControl "40/5400+30:1800+30"]

1. e4 e6 2. d4 d5 3. Nc3 Nf6 4. e5 Nfd7 5. f4 c5 6. Nf3 Nc6 7. Be3 Be7 8. a3 b6 9. Bb5 Bb7 10. Qd2 O-O 11. h4 cxd4 12. Bxd4 Nxd4 13. Qxd4 Nc5 14. O-O-O Qc7 15. Bd3 Rfd8 16. Qe3 Rac8 17. Nb5 Nxd3+ 18. Qxd3 Ba6 19. Nxc7 Bxd3 20. cxd3 Rxc7+ 21. Kd2 Rdc8 22. Rc1 h5 23. Rxc7 Rxc7 24. Nd4 g6 25. g3 a6 26. Nf3 Kf8 27. Rc1 Rxc1 1/2-1/2

[Event "Uhlenkoeper-Open 2024"]
[Site "Uelzen"]
[Date "2024.12.30"]
[Round "7.4"]
[White "Parvanyan, Ashot"]
[Black "Buergener, Richard"]
[Result "1-0"]
[ECO "E18"]
[WhiteElo "2399"]
[BlackElo "1857"]
[Annotator "RC"]
[PlyCount "23"]
[EventDate "2024.12.27"]
[EventType "swiss"]
[EventCountry "GER"]
[SourceTitle "playchess.com"]
[Source "ChessBase"]
[SourceQuality "1"]
[TimeControl "40/5400+30:1800+30"]

1. Nf3 d5 2. d4 Nf6 3. c4 e6 4. g3 Be7 5. Bg2 O-O 6. O-O b6 7. cxd5 exd5 8. Nc3 Bb7 9. Bf4 Nbd7 10. Rc1 a6 11. Nh4 g6 12. Bxc7 1-0

[Event "Uhlenkoeper-Open 2024"]
[Site "Uelzen"]
[Date "2024.12.30"]
[Round "7.5"]
[White "von Estorff, Jacob"]
[Black "Weigand, Anton"]
[Result "0-1"]
[ECO "B33"]
[WhiteElo "2209"]
[BlackElo "2092"]
[Annotator "RC"]
[PlyCount "72"]
[EventDate "2024.12.27"]
[EventType "swiss"]
[EventCountry "GER"]
[SourceTitle "playchess.com"]
[Source "ChessBase"]
[SourceQuality "1"]
[TimeControl "40/5400+30:1800+30"]

1. e4 c5 2. Nf3 Nc6 3. d4 cxd4 4. Nxd4 Nf6 5. Nc3 e5 6. Ndb5 d6 7. Bg5 a6 8. Bxf6 gxf6 9. Na3 b5 10. Nd5 f5 11. Bd3 Be6 12. Qh5 Rg8 13. O-O-O Rc8 14. f4 fxe4 15. Bxe4 Bg4 16. Qxh7 Rg7 17. Qh6 Rg6 18. Qh7 Rh6 19. Qg8 Bxd1 20. Rxd1 Ne7 21. Qg3 Nxd5 22. Bxd5 Qh4 23. Bb7 Rc5 24. b4 Qxg3 25. hxg3 Rc3 26. Kb2 Rxg3 27. Bxa6 exf4 28. Bxb5+ Ke7 29. Nc4 Bg7+ 30. Kb1 d5 31. Na5 Rxg2 32. Nc6+ Kd6 33. c4 Rhh2 34. Rf1 Rxa2 35. c5+ Kc7 36. Ne7 Ra1# 0-1

[Event "Uhlenkoeper-Open 2024"]
[Site "Uelzen"]
[Date "2024.12.30"]
[Round "7.6"]
[White "Askerov, Imamali"]
[Black "Martin, Dennis"]
[Result "1/2-1/2"]
[ECO "B12"]
[WhiteElo "2007"]
[BlackElo "2005"]
[Annotator "RC"]
[PlyCount "78"]
[EventDate "2024.12.27"]
[EventType "swiss"]
[EventCountry "GER"]
[SourceTitle "playchess.com"]
[Source "ChessBase"]
[SourceQuality "1"]
[TimeControl "40/5400+30:1800+30"]

1. e4 c6 2. d4 d5 3. e5 Bf5 4. h4 h5 5. c4 e6 6. Nf3 Bg4 7. Qb3 Qb6 8. c5 Qc7 9. Qc3 a5 10. a3 a4 11. Be3 b6 12. cxb6 Qxb6 13. Nbd2 Ne7 14. Bd3 Bf5 15. Rb1 Bxd3 16. Qxd3 Nf5 17. b4 axb3 18. Rxb3 Qa7 19. O-O Nxe3 20. fxe3 Be7 21. Rfb1 O-O 22. Rb7 Qxa3 23. R1b3 Qc1+ 24. Kh2 Re8 25. Ng5 g6 26. Nxe6 Ra1 27. Rb1 Rxb1 28. Rxb1 Qa3 29. Rb3 Qa6 30. Qb1 Qc8 31. Nf4 Kg7 32. e6 f5 33. Nf3 Bd6 34. Rb7+ Re7 35. Rxe7+ Bxe7 36. Ne5 Bd6 37. Nexg6 Qxe6 38. g3 Qxe3 39. Qxf5 Qf2+ 1/2-1/2

[Event "Uhlenkoeper-Open 2024"]
[Site "Uelzen"]
[Date "2024.12.30"]
[Round "7.7"]
[White "Tarasenko, Nazar"]
[Black "Leppert, Stefan"]
[Result "1-0"]
[ECO "E71"]
[WhiteElo "2011"]
[BlackElo "1930"]
[Annotator "RC"]
[PlyCount "53"]
[EventDate "2024.12.27"]
[EventType "swiss"]
[EventCountry "GER"]
[SourceTitle "playchess.com"]
[Source "ChessBase"]
[SourceQuality "1"]
[TimeControl "40/5400+30:1800+30"]

1. d4 Nf6 2. c4 g6 3. Nc3 Bg7 4. e4 d6 5. h3 O-O 6. Be3 Nc6 7. Nge2 e5 8. d5 Ne7 9. g4 c6 10. Qd2 cxd5 11. cxd5 a6 12. Ng3 b5 13. f3 Nd7 14. h4 f5 15. gxf5 gxf5 16. exf5 Nxf5 17. Nxf5 Rxf5 18. Bd3 Rh5 19. Ne4 Nc5 20. Ng3 Nxd3+ 21. Qxd3 Rxh4 22. O-O-O e4 23. Nxe4 Bf5 24. Rhg1 Bxe4 25. fxe4 Qf6 26. Bd4 Qf4+ 27. Kb1 1-0

[Event "Uhlenkoeper-Open 2024"]
[Site "Uelzen"]
[Date "2024.12.30"]
[Round "7.8"]
[White "Burnus, Finn Crispin"]
[Black "Carmesin, Leon Lucas Finn"]
[Result "1-0"]
[ECO "D78"]
[WhiteElo "1883"]
[BlackElo "2081"]
[Annotator "RC"]
[PlyCount "79"]
[EventDate "2024.12.27"]
[EventType "swiss"]
[EventCountry "GER"]
[SourceTitle "playchess.com"]
[Source "ChessBase"]
[SourceQuality "1"]
[TimeControl "40/5400+30:1800+30"]

1. d4 Nf6 2. c4 g6 3. g3 c6 4. Bg2 d5 5. Nf3 Bg7 6. O-O O-O 7. Ne5 dxc4 8. Nxc4 Be6 9. Ne5 Nbd7 10. Nc3 Nxe5 11. dxe5 Nd7 12. f4 f6 13. exf6 exf6 14. e4 Nc5 15. Qf3 Qa5 16. Rb1 Qb4 17. b3 Rfd8 18. a3 Qd4+ 19. Be3 Qxc3 20. Rfc1 Qxc1+ 21. Rxc1 Nxb3 22. Rd1 Na5 23. Rxd8+ Rxd8 24. Bxa7 Nc4 25. a4 Rd2 26. Bf1 Ra2 27. Bxc4 Bxc4 28. Qd1 Bf8 29. Qd8 Kf7 30. Qd7+ Kg8 31. Bd4 Rd2 32. e5 fxe5 33. fxe5 Rd1+ 34. Kf2 Rf1+ 35. Ke3 Bh6+ 36. Ke4 Re1+ 37. Kf3 Bd5+ 38. Kf2 Rc1 39. Qe8+ Bf8 40. e6 1-0

[Event "Uhlenkoeper-Open 2024"]
[Site "Uelzen"]
[Date "2024.12.30"]
[Round "7.9"]
[White "Nyenhuis, Yannek"]
[Black "Dehn, Marcus"]
[Result "0-1"]
[ECO "E11"]
[WhiteElo "1943"]
[BlackElo "2053"]
[Annotator "RC"]
[PlyCount "96"]
[EventDate "2024.12.27"]
[EventType "swiss"]
[EventCountry "GER"]
[SourceTitle "playchess.com"]
[Source "ChessBase"]
[SourceQuality "1"]
[TimeControl "40/5400+30:1800+30"]

1. d4 Nf6 2. c4 e6 3. Nf3 Bb4+ 4. Bd2 Qe7 5. e3 Ne4 6. Bd3 f5 7. O-O O-O 8. Bxb4 Qxb4 9. Qc2 d5 10. c5 c6 11. a3 Qa5 12. b4 Qd8 13. Nc3 Nd7 14. Nd2 Nxd2 15. Qxd2 e5 16. dxe5 Nxe5 17. Ne2 Qh4 18. Qc3 Ng6 19. Rab1 a6 20. a4 Qg5 21. f4 Qe7 22. Rf3 Rf6 23. Nd4 Nf8 24. Rg3 g6 25. Kf2 Kf7 26. Nf3 Nd7 27. Ng5+ Ke8 28. h4 h5 29. Nf3 a5 30. Bc2 axb4 31. Rxb4 Ra5 32. Rb5 cxb5 33. Qxa5 Qxc5 34. Nd4 b4 35. Qb5 Qxb5 36. Nxb5 Kd8 37. Bb3 Nb6 38. Ke2 Bd7 39. Kd3 Bxb5+ 40. axb5 Ke7 41. Kd4 Kd6 42. Rf3 Re6 43. Bc2 Nc4 44. Bd3 Nd2 45. Bc2 b3 46. Bd3 Nxf3+ 47. gxf3 b2 48. Bb1 b6 0-1

[Event "Uhlenkoeper-Open 2024"]
[Site "Uelzen"]
[Date "2024.12.30"]
[Round "7.10"]
[White "Sayas Payyappat"]
[Black "Wetterau, Nathanael"]
[Result "0-1"]
[ECO "C42"]
[WhiteElo "1823"]
[BlackElo "1961"]
[Annotator "RC"]
[PlyCount "98"]
[EventDate "2024.12.27"]
[EventType "swiss"]
[EventCountry "GER"]
[SourceTitle "playchess.com"]
[Source "ChessBase"]
[SourceQuality "1"]
[TimeControl "40/5400+30:1800+30"]

1. e4 e5 2. Nf3 Nf6 3. Bc4 Nxe4 4. Nc3 Nxc3 5. dxc3 c6 6. Nxe5 d5 7. Bd3 Bd6 8. Nf3 O-O 9. O-O Bg4 10. h3 Bh5 11. Re1 Nd7 12. Be3 Nc5 13. Bxc5 Bxc5 14. Re5 Bg6 15. Qd2 a5 16. Rae1 Bd6 17. R5e2 Bh5 18. g4 Bg6 19. Kg2 Qd7 20. Ne5 Bxe5 21. Rxe5 Rfe8 22. Rxe8+ Rxe8 23. Rxe8+ Qxe8 24. Qe3 Qxe3 25. fxe3 Kf8 26. Kf3 Ke7 27. Bxg6 hxg6 28. Kf4 Kd6 29. e4 b5 30. g5 dxe4 31. Kxe4 f5+ 32. Kf4 Kd5 33. h4 Ke6 34. b3 b4 35. cxb4 axb4 36. Ke3 Ke5 37. c3 c5 38. c4 f4+ 39. Kf2 Ke4 40. Ke2 f3+ 41. Kf2 Kf4 42. h5 gxh5 43. g6 h4 44. a4 bxa3 45. b4 a2 46. b5 a1=Q 47. b6 Qd1 48. b7 Qe2+ 49. Kg1 Qg2# 0-1

[Event "Uhlenkoeper-Open 2024"]
[Site "Uelzen"]
[Date "2024.12.31"]
[Round "9.2"]
[White "Weigand, Anton"]
[Black "Bagrationi, Alexander"]
[Result "0-1"]
[ECO "B22"]
[WhiteElo "2092"]
[BlackElo "2384"]
[Annotator "TA"]
[PlyCount "50"]
[EventDate "2024.12.27"]
[EventType "swiss"]
[EventCountry "GER"]
[SourceTitle "playchess.com"]
[Source "ChessBase"]
[SourceQuality "1"]
[TimeControl "40/5400+30:1800+30"]

1. e4 c5 2. c3 d5 3. exd5 Nf6 4. Bb5+ Nbd7 5. Qb3 a6 6. Be2 b5 7. d3 Rb8 8. Nf3 Bb7 9. c4 bxc4 10. dxc4 Bxd5 $1 11. Qa4 Bb7 12. Bf4 {[%emt 0:04:33] Dodges Qc7} Bxf3 13. Bxf3 Rxb2 14. O-O {[%emt 0:05:39][%cal Ob1c3] Nc3! poses a challenge} g6 15. Nc3 Bg7 16. Rab1 Rxb1 17. Rxb1 {[%emt 0:00:07][%cal Ob1b8] Threatens to win with Rb8!.} O-O 18. Qxa6 Nh5 19. Bxh5 {[%emt 0:04:30] This pair of bishops is nice.} Bxc3 20. Bf3 Ne5 21. Bxe5 Bxe5 22. a4 (22. Qa7 $11 {keeps the balance.}) 22... Qd2 $40 {[%emt 0:02:23][%mdl 128] Strongly threatening ...Qf4. Black wants a kill.} 23. a5 {[%emt 0:11:07] [#]} (23. Qb6 $17) 23... Qf4 $1 $19 24. Qb7 $2 (24. Qb6) 24... Rb8 (24... Qxc4 25. a6 (25. Qxe7 Qa2 $17) 25... Bb8 26. a7 (26. Qxe7 Qxa6 27. Qxc5 Ba7 $16) 26... Bxa7 27. Qxa7 $18) 25. Qe4 Rxb1+ 0-1

[Event "Uhlenkoeper-Open 2024"]
[Site "Uelzen"]
[Date "2024.12.31"]
[Round "9.3"]
[White "von Estorff, Jacob"]
[Black "Parvanyan, Ashot"]
[Result "1/2-1/2"]
[ECO "C55"]
[WhiteElo "2209"]
[BlackElo "2399"]
[Annotator "TA"]
[PlyCount "37"]
[EventDate "2024.12.27"]
[EventType "swiss"]
[EventCountry "GER"]
[SourceTitle "playchess.com"]
[Source "ChessBase"]
[SourceQuality "1"]
[TimeControl "40/5400+30:1800+30"]

1. e4 e5 2. Nf3 Nc6 3. Bc4 Nf6 4. Nc3 Nxe4 5. Nxe4 d5 6. Bd3 dxe4 7. Bxe4 Bd6 8. d4 Nxd4 9. Nxd4 exd4 10. Qxd4 O-O {[%emt 0:00:15] aiming for ...Re8.} 11. Be3 Qe7 12. O-O-O Re8 13. Bd5 Be5 14. Qc5 Qf6 15. Bd4 c6 16. Bf3 {[%emt 0:00:51] Bxe5 is the strong threat. Active counter play!} Bf5 17. Rd2 Bxd4 18. Rxd4 Re5 19. Qd6 1/2-1/2

[Event "Uhlenkoeper-Open 2024"]
[Site "Uelzen"]
[Date "2024.12.31"]
[Round "9.4"]
[White "Glek, Igor"]
[Black "Dehn, Marcus"]
[Result "1-0"]
[ECO "B01"]
[WhiteElo "2431"]
[BlackElo "2053"]
[Annotator "TA"]
[PlyCount "66"]
[EventDate "2024.12.27"]
[EventType "swiss"]
[EventCountry "GER"]
[SourceTitle "playchess.com"]
[Source "ChessBase"]
[SourceQuality "1"]
[TimeControl "40/5400+30:1800+30"]

1. e4 d5 2. exd5 Qxd5 3. Nc3 Qd8 4. d4 g6 5. Bf4 Nh6 (5... Bg7 $14 {feels stronger.}) 6. Be5 f6 7. Bf4 Nf5 {[%emt 0:00:06] [#]} 8. Nf3 $1 Nd6 {[%emt 0:00:35] Dodges Bc4} 9. g3 Bg7 10. Bg2 Nd7 11. O-O e6 12. Re1 Kf7 13. Qd3 Re8 14. a4 Nf8 15. a5 a6 16. Nd2 Ra7 (16... Kg8 $16 17. h4 Nf5) 17. Bxd6 $18 Qxd6 18. Nce4 Qd8 19. Nc5 Kg8 {[%emt 0:03:11] Black is weak on the light squares} 20. c3 Kh8 21. b4 (21. Qe3 $18) 21... Re7 22. Nc4 Qe8 (22... b6 $16) 23. Qc2 Nd7 24. Nd3 {[%emt 0:01:07] White is much more active. The black rooks are passive.} Bf8 (24... e5 $16 25. Ne3 Qd8 26. dxe5 c6 27. exf6 Nxf6) 25. Re2 Bh6 (25... Qf7 $142 26. Ne3 c6) 26. Rae1 c6 $2 (26... Nf8 27. f4 Qd8) 27. Nd6 Qg8 28. Bh3 f5 29. Nxc8 Qxc8 30. Rxe6 Rxe6 31. Rxe6 Nf6 $2 (31... Ra8 32. Bxf5 Bg7) 32. Qe2 Ne4 (32... Bg7 $142 33. Bg2 Qg8) 33. Rxe4 {[%emt 0:00:05] Re8+ would kill now.} Kg8 1-0

[Event "Uhlenkoeper-Open 2024"]
[Site "Uelzen"]
[Date "2024.12.31"]
[Round "9.5"]
[White "Askerov, Imamali"]
[Black "Bogomolow, Sergej"]
[Result "1/2-1/2"]
[ECO "C03"]
[WhiteElo "2007"]
[BlackElo "2090"]
[Annotator "NA RC"]
[PlyCount "115"]
[EventDate "2024.12.27"]
[EventType "swiss"]
[EventCountry "GER"]
[SourceTitle "playchess.com"]
[Source "ChessBase"]
[SourceQuality "1"]
[TimeControl "40/5400+30:1800+30"]

1. e4 e6 2. d4 d5 3. Nd2 Be7 4. e5 c5 5. c3 cxd4 6. cxd4 Qb6 7. Ndf3 Bb4+ 8. Bd2 Nc6 9. Bc3 f6 10. exf6 Nxf6 11. a3 Bd6 12. Bd3 O-O 13. Qc2 Bd7 14. Ne2 Rac8 15. O-O e5 16. dxe5 Nxe5 17. Nxe5 Bxe5 18. Qd2 Bb8 19. Ng3 Rce8 20. Bd4 Qd6 21. Qg5 Bc6 22. b4 b6 23. f3 Qf4 24. Qxf4 Bxf4 25. Rfe1 Bd2 26. Rxe8 Rxe8 27. Nf5 Bd7 28. Kf2 g6 29. Bxf6 Bxf5 30. Bxf5 gxf5 31. Bd4 Rc8 32. Ra2 Bg5 33. Ke2 Kf7 34. Kd3 Rc1 35. g3 Rd1+ 36. Kc3 Bf6 37. Bxf6 Kxf6 38. Re2 Ra1 39. Kb2 Rd1 40. Kc2 Rd4 41. Re8 a6 42. Rb8 Rc4+ 43. Kd3 Rc6 44. Kd4 Ke6 45. Re8+ Kd6 46. Rd8+ Ke6 47. Rxd5 Rc2 48. Re5+ Kf6 49. Re3 Rxh2 50. Kd5 Rd2+ 51. Kc6 b5 52. Kb7 f4 53. gxf4 Rd6 54. Re5 h6 55. Rh5 Kg6 56. Rh4 h5 57. Rh3 Rf6 58. Rh4 1/2-1/2

[Event "Uhlenkoeper-Open 2024"]
[Site "Uelzen"]
[Date "2024.12.31"]
[Round "9.6"]
[White "Tarasenko, Nazar"]
[Black "Bargsten, Justus"]
[Result "0-1"]
[ECO "D36"]
[WhiteElo "2011"]
[BlackElo "2228"]
[Annotator "COMBH"]
[PlyCount "40"]
[EventDate "2024.12.27"]
[EventType "swiss"]
[EventCountry "GER"]
[SourceTitle "playchess.com"]
[Source "ChessBase"]
[SourceQuality "1"]
[TimeControl "40/5400+30:1800+30"]

1. d4 d5 2. c4 e6 3. Nc3 Nf6 4. cxd5 exd5 5. Bg5 c6 6. e3 Be7 7. Qc2 O-O 8. Bd3 h6 9. Bf4 Nh5 10. Be5 Nd7 11. Be2 Nhf6 12. Bg3 Re8 13. Nf3 Nh5 14. Nxd5 cxd5 15. Bc7 Bb4+ 16. Nd2 Bxd2+ 17. Kxd2 Qg5 18. f4 Qxg2 19. Rhg1 Qh3 20. f5 Qxe3+ 0-1

[Event "Uhlenkoeper-Open 2024"]
[Site "Uelzen"]
[Date "2024.12.31"]
[Round "9.7"]
[White "Raddatz, Michael"]
[Black "Leppert, Stefan"]
[Result "1-0"]
[ECO "B98"]
[WhiteElo "1927"]
[BlackElo "1930"]
[Annotator "NA"]
[PlyCount "32"]
[EventDate "2024.12.27"]
[EventType "swiss"]
[EventCountry "GER"]
[SourceTitle "playchess.com"]
[Source "ChessBase"]
[SourceQuality "1"]
[TimeControl "40/5400+30:1800+30"]

1. e4 c5 2. Nf3 d6 3. d4 cxd4 4. Nxd4 Nf6 5. Nc3 a6 6. Bg5 e6 7. f4 Be7 8. Qf3 h6 9. Bh4 g5 10. fxg5 Nfd7 11. O-O-O Bxg5+ 12. Bxg5 Qxg5+ 13. Kb1 Ne5 14. Qf2 Nbd7 15. Be2 Rg8 16. Rdf1 Qxg2 1-0

[Event "Uhlenkoeper-Open 2024"]
[Site "Uelzen"]
[Date "2024.12.31"]
[Round "9.9"]
[White "Burnus, Finn Crispin"]
[Black "Martin, Dennis"]
[Result "0-1"]
[ECO "E05"]
[WhiteElo "1883"]
[BlackElo "2005"]
[Annotator "NA COMBH"]
[PlyCount "112"]
[EventDate "2024.12.27"]
[EventType "swiss"]
[EventCountry "GER"]
[SourceTitle "playchess.com"]
[Source "ChessBase"]
[SourceQuality "1"]
[TimeControl "40/5400+30:1800+30"]

1. d4 Nf6 2. c4 e6 3. Nf3 d5 4. g3 Be7 5. Bg2 O-O 6. O-O dxc4 7. Qc2 a6 8. a4 Bd7 9. Nbd2 Bc6 10. Nxc4 Be4 11. Qb3 Nc6 12. Be3 Rb8 13. Rfd1 Bd5 14. Qc2 Nb4 15. Qc1 Rc8 16. Nfe5 Bxg2 17. Kxg2 a5 18. f3 c6 19. Qd2 Qc7 20. Bf4 Nfd5 21. e4 Nxf4+ 22. Qxf4 b5 23. axb5 cxb5 24. Nxa5 f6 25. Nd3 Qxf4 26. Nxf4 Nc2 27. Nxe6 Rfe8 28. d5 Nxa1 29. Rxa1 Rc2+ 30. Kh3 Ra8 31. b4 Bxb4 32. Rb1 Bxa5 33. Rxb5 Ra7 34. Rb8+ Kf7 35. Rf8+ Ke7 36. Rg8 Kd6 37. Nxg7 Rf7 38. Ra8 Rxg7 39. Rxa5 Ke5 40. Ra6 Re7 41. Ra4 Rd2 42. Rc4 Rd4 43. Rc6 Rd3 44. f4+ Kxe4 45. Re6+ Rxe6 46. dxe6 Kf5 47. Kh4 Kxe6 48. Kh5 Rd2 49. h4 Kf5 50. Kh6 Rg2 51. h5 Rxg3 52. Kxh7 Kxf4 53. h6 Kf5 54. Kh8 Kg6 55. h7 Ra3 56. Kg8 Ra8# 0-1

[Event "Uhlenkoeper-Open 2024"]
[Site "Uelzen"]
[Date "2024.12.31"]
[Round "9.10"]
[White "Buergener, Richard"]
[Black "Wetterau, Nathanael"]
[Result "1/2-1/2"]
[ECO "D20"]
[WhiteElo "1857"]
[BlackElo "1961"]
[Annotator "NA RC"]
[PlyCount "118"]
[EventDate "2024.12.27"]
[EventType "swiss"]
[EventCountry "GER"]
[SourceTitle "playchess.com"]
[Source "ChessBase"]
[SourceQuality "1"]
[TimeControl "40/5400+30:1800+30"]

1. e4 e5 2. Nf3 Nf6 3. Nxe5 d6 4. Nf3 Nxe4 5. d4 d5 6. Bd3 Be7 7. O-O O-O 8. c4 Nf6 9. h3 dxc4 10. Bxc4 Bf5 11. Bd3 Bxd3 12. Qxd3 c6 13. Bf4 Nd5 14. Bg3 Nd7 15. Nc3 N7f6 16. Rfe1 Re8 17. Ne5 Bd6 18. Nxd5 Bxe5 19. Rxe5 Nxd5 20. Rae1 Qd7 21. Qf5 Rxe5 22. Qxe5 f6 23. Qe2 Rf8 24. Qe6+ Qxe6 25. Rxe6 Kf7 26. Re2 Rd8 27. Rd2 Ne7 28. Bf4 Nf5 29. Be3 Ke6 30. Kf1 Kd5 31. Ke2 Re8 32. Kd3 b6 33. Rc2 Nd6 34. a4 a5 35. b3 Nf5 36. Rc4 Nd6 37. Rc2 Rc8 38. Bd2 Nb7 39. Rc4 Nd8 40. b4 axb4 41. Rxb4 Rb8 42. Bf4 Rb7 43. Rb2 Ne6 44. Be3 Rb8 45. Rb1 Rb7 46. Rb2 b5 47. axb5 Rxb5 48. Ra2 Rb3+ 49. Kc2 Rb7 50. Kd3 Nc7 51. Ra5+ Nb5 52. Ra8 Rd7 53. Rc8 Nc7 54. Rb8 Ne6 55. Ra8 Rb7 56. Ra5+ Rb5 57. Ra7 Rb3+ 58. Kc2 Rb8 59. Kd3 Rb3+ 1/2-1/2